 Dungeon Crawl Stone Soup version 0.29-a0-557-g43b9904bd1 (webtiles) character file.

Game seed: 8673835807375727953

120 DocClef the Covert (level 5, -2/47 HPs)
             Began as a Gnoll Delver on June 8, 2022.
             Slain by an orc
             ... wielding a +0 hand axe
              (4 damage)
             ... on level 5 of the Dungeon.
             The game lasted 00:00:24 (515 turns).

DocClef the Covert (Gnoll Delver)                    Turns: 515, Time: 00:00:25

Health: -2/47      AC:  5    Str: 14    XL:     5   Next: 4%
Magic:  6/6        EV: 13    Int:  9    God:
Gold:   57         SH:  0    Dex: 13    Spells: 6/6 levels left

rFire   . . .      SeeInvis .   a - +0 short sword
rCold   . . .      Faith    .   (no shield)
rNeg    . . .      Spirit   .   b - +0 leather armour
rPois   .          Reflect  .   (no helmet)
rElec   .          Harm     .   (no cloak)
rCorr   .          Rampage  .   j - +1 pair of gloves
Will    .....                   (no boots)
Stlth   ++........              (no amulet)
HPRegen 0.15/turn               (no ring)
MPRegen 0.10/turn               (no ring)

@: confused
A: fangs 1, strong nose, distributed training
a: no special abilities


You were on level 5 of the Dungeon.
You visited 1 branch of the dungeon, and saw 1 of its levels.

You collected 57 gold pieces.

Inventory:

Hand Weapons
 a - a +0 short sword (weapon)
Armour
 b - a +0 leather armour (worn)
 j - a +1 pair of gloves (worn)
Wands
 g - a wand of digging (3)
 k - a wand of polymorph (14)
Scrolls
 c - a scroll of fog
 d - 2 scrolls of magic mapping
 e - a scroll of fear
 h - a scroll of teleportation {unknown}
Potions
 f - a potion of haste
 i - a potion of resistance {unknown}
 l - 2 potions of cancellation {unknown}


   Skills:
 + Level 6.6 Fighting
 + Level 4.7 Short Blades
 + Level 1.3 Long Blades
 + Level 1.3 Axes
 + Level 1.3 Maces & Flails
 + Level 1.3 Polearms
 + Level 1.3 Staves
 + Level 1.3 Slings
 + Level 1.3 Bows
 + Level 1.3 Crossbows
 + Level 1.3 Throwing
 + Level 1.3 Armour
 + Level 4.7 Dodging
 + Level 9.6 Stealth
 + Level 1.3 Shields
 + Level 1.3 Unarmed Combat
 + Level 1.3 Spellcasting
 + Level 1.0 Conjurations
 + Level 1.0 Hexes
 + Level 1.0 Summonings
 + Level 1.0 Necromancy
 + Level 1.0 Translocations
 + Level 1.0 Transmutations
 + Level 1.0 Fire Magic
 + Level 1.0 Ice Magic
 + Level 1.0 Air Magic
 + Level 1.0 Earth Magic
 + Level 1.0 Poison Magic
 + Level 1.4 Invocations
 + Level 1.3 Evocations


You had 6 spell levels left.
You didn't know any spells.
Your spell library was empty.

Dungeon Overview and Level Annotations

Branches:
Dungeon (5/15)             Temple (0/1) D:5

Altars:
Cheibriados


Innate Abilities, Weirdness & Mutations

You have very sharp teeth.
Your uncanny sense of smell can sniff out nearby items.
Your experience applies equally to all skills.


Message History

The orc wizard points at you and mumbles some strange words.
The magic dart hits you!
You completely miss the orc wizard.
The orc shouts!
The orc priest shouts!
You bite the orc wizard, but do no damage.
The orc wizard is moderately wounded.
The orc wizard hits you with a +0 dagger.
You hit the orc wizard.
The orc wizard is severely wounded.
You feel less confused.
The orc wizard points at you and mumbles some strange words.
You are confused.
There is an open door here.
You barely miss the orc wizard. Your bite misses the orc wizard.
The orc wizard is severely wounded.
The orc wizard closely misses you.
You hit the orc but do no damage. Your bite misses the orc.
The orc wizard gestures at you while chanting.
You are more confused.
The orc barely misses you.
You're too confused to move!
The orc wizard casts a spell at you.
You are more confused.
The orc hits you but does no damage.
Unknown command.
You barely miss the orc. The orc hits you but does no damage.
The orc wizard points at you and mumbles some strange words.
The puff of flame hits you!
* * * LOW HITPOINT WARNING * * *
The orc wizard attacks as you move away!
The orc wizard barely misses you.
The orc priest looks braver for a moment.
The orc hits you with a +0 flail.
* * * LOW HITPOINT WARNING * * *
Unknown command.
You barely miss the orc wizard.
The orc wizard is heavily wounded.
The orc hits you with a +0 hand axe.
You die...

∆ ##+# ##...## #### ##
##.....## #.. ..
##.......## #.#.##
#.......o.###....##
+......@o.o.).....# ...
#.......o.###.......# #.#
####.......## #.#.#.#.#
#.# #.........## #.### #
# #.# #.####...## #.. #.#
#.# ##.## ### #.#
#.#####.### #.#
#.........#
##.###.##.##...#########.


You could see an orc priest, an orc wizard and 2 orcs.

Vanquished Creatures
  A scorpion (D:5)
  An orc priest (D:5)
  Ijyb (D:5)
  An adder (D:5)
4 creatures vanquished.

Notes
Turn   | Place    | Note
-------+----------+-------------------------------------------
     0 | D:5      | Reached skill level 9 in Stealth
     0 | D:5      | DocClef the Gnoll Delver began the quest for the Orb.
     0 | D:5      | Reached XP level 1. HP: 23/23 MP: 1/1
    29 | D:5      | Noticed a scorpion
    32 | D:5      | Killed a scorpion
    33 | D:5      | Reached skill level 1 in Long Blades
    33 | D:5      | Reached skill level 1 in Axes
    33 | D:5      | Reached skill level 1 in Maces & Flails
    33 | D:5      | Reached skill level 1 in Polearms
    33 | D:5      | Reached skill level 1 in Staves
    33 | D:5      | Reached skill level 1 in Slings
    33 | D:5      | Reached skill level 1 in Bows
    33 | D:5      | Reached skill level 1 in Crossbows
    33 | D:5      | Reached skill level 1 in Throwing
    33 | D:5      | Reached skill level 1 in Armour
    33 | D:5      | Reached skill level 1 in Shields
    33 | D:5      | Reached skill level 1 in Unarmed Combat
    33 | D:5      | Reached skill level 1 in Spellcasting
    33 | D:5      | Reached skill level 1 in Invocations
    33 | D:5      | Reached skill level 1 in Evocations
    33 | D:5      | Reached XP level 2. HP: 29/29 MP: 1/3
    33 | D:5      | Reached XP level 3. HP: 35/35 MP: 1/4
   100 | D:5      | Found a staircase to the Ecumenical Temple.
   315 | D:5      | Noticed Ijyb
   318 | D:5      | Killed Ijyb
   319 | D:5      | Reached XP level 4. HP: 41/41 MP: 5/5
   353 | D:5      | Reached skill level 1 in Conjurations
   353 | D:5      | Reached skill level 1 in Hexes
   353 | D:5      | Reached skill level 1 in Summonings
   353 | D:5      | Reached skill level 1 in Necromancy
   353 | D:5      | Reached skill level 1 in Translocations
   353 | D:5      | Reached skill level 1 in Transmutations
   353 | D:5      | Reached skill level 1 in Fire Magic
   353 | D:5      | Reached skill level 1 in Ice Magic
   353 | D:5      | Reached skill level 1 in Air Magic
   353 | D:5      | Reached skill level 1 in Earth Magic
   353 | D:5      | Reached skill level 1 in Poison Magic
   385 | D:5      | Found a snail-covered altar of Cheibriados.
   494 | D:5      | Reached XP level 5. HP: 33/47 MP: 6/6
   514 | D:5      | HP: 2/47 [orc/+0 flail (6)]
   515 | D:5      | Slain by an orc

Illustrated notes

Levels and vault maps discovered:
D:5:      layout_loops_corners, lemuel_crystal_altar,
          minmay_temple_entry_statues_fountains, gammafunk_ghost_necromancy,
          uniq_duvessa, uniq_edmund, uniq_ijyb

Skill      XL: |  1  2  3  4 |
---------------+-------------+-----
Stealth        | |  9.6
Long Blades    | 1 |  1.3
Axes           | 1 |  1.3
Maces & Flails | 1 |  1.3
Polearms       | 1 |  1.3
Staves         | 1 |  1.3
Slings         | 1 |  1.3
Bows           | 1 |  1.3
Crossbows      | 1 |  1.3
Throwing       | 1 |  1.3
Armour         | 1 |  1.3
Shields        | 1 |  1.3
Unarmed Combat | 1 |  1.3
Spellcasting   | 1 |  1.3
Invocations    | 1 |  1.4
Evocations     | 1 |  1.3
Conjurations   | 1 |  1.0
Hexes          | 1 |  1.0
Summonings     | 1 |  1.0
Necromancy     | 1 |  1.0
Translocations | 1 |  1.0
Transmutations | 1 |  1.0
Fire Magic     | 1 |  1.0
Ice Magic      | 1 |  1.0
Air Magic      | 1 |  1.0
Earth Magic    | 1 |  1.0
Poison Magic   | 1 |  1.0
Fighting       | |  6.6
Short Blades   | |  4.7
Dodging        | |  4.7

Action                   |  1- 3 |  4- 6 || total
-------------------------+-------+-------++-------
Melee: Short sword       |     2 |    21 ||    23
       Bite              |       |     2 ||     2
 Stab: Distracted        |     1 |       ||     1
       Sleeping          |     1 |     1 ||     2
Armor: Leather armour    |       |     5 ||     5
Dodge: Dodged            |       |     7 ||     7

Table legend: (Time is in decaauts)
 A = Elapsed time spent in this place.
 B = Non-inter-level travel time spent in this place.
 C = Inter-level travel time spent in this place.
 D = Time resting spent in this place.
 E = Time spent auto-exploring this place.
 F = Levels seen in this place.
 G = Mean time per level.
                   A        B        C        D        E       F      G
               +--------+--------+--------+--------+--------+-----+--------+
         Total |    511 |    511 |      0 |      0 |    448 |   1 |  511.0 |
       Dungeon |    511 |    511 |      0 |      0 |    448 |   1 |  511.0 |
               +--------+--------+--------+--------+--------+-----+--------+

Top non-repeatable levels by time:
     D:5: 511 daAuts
